 Dungeon Crawl Stone Soup version 0.25-a0-513-ge77a69270c (webtiles) character file.

Game seed: 3425301372075883884, levelgen mode: deterministic

2830 Error4North the Cleaver (level 9, -9/70 HPs)
             Began as a Hill Orc Fighter on Feb 16, 2020.
             Was a Follower of Okawaru.
             Mangled by an orc warrior
             ... wielding a +0 flail
              (13 damage)
             ... on level 8 of the Dungeon on Feb 17, 2020.
             The game lasted 00:27:26 (8239 turns).

Error4North the Cleaver (Hill Orc Fighter)          Turns: 8239, Time: 00:27:27

Health: -9/70      AC: 16    Str: 19 (20) XL:     9   Next: 73%
Magic:  10/10      EV:  5    Int:  9 (10) God:    Okawaru [*.....]
Gold:   245        SH: 11    Dex: 13 (15) Spells: 10/11 levels left

rFire    . . .     SeeInvis .   a - +0 war axe
rCold    + . .     Gourm    .   c - +0 kite shield
rNeg     . . .     Faith    +   j - +0 plate armour
rPois    .         Spirit   .   v - +0 helmet
rElec    +         Reflect  .   (no cloak)
rCorr    .         Harm     .   (no gloves)
MR       .....     Rnd*Tele +   p - +1 pair of boots {run}
Stlth    ..........             G - amulet "Ryaf" {Faith Int+2 Dex+3}
HPRegen  0.21/turn              d - ring of protection from cold
MPRegen  0.12/turn              i - ring of Larruing {*Tele rElec Stlth+}

@: flying, quick
A: frail 1, low mp 1, mutation resistance 1
a: Heroism, Renounce Religion, Convert to Beogh


You were on level 8 of the Dungeon.
You worshipped Okawaru.
Okawaru was aware of your devotion.
You were hungry.

You visited 2 branches of the dungeon, and saw 9 of its levels.

You collected 341 gold pieces.
You spent 96 gold pieces at shops.

Inventory:

Hand Weapons
 a - a +0 war axe (weapon)
Missiles
 q - 6 boomerangs
 A - 2 silver javelins (quivered)
Armour
 c - a +0 kite shield (worn)
 j - a +0 plate armour (worn)
 p - a +1 pair of boots of running (worn)
 v - a +0 helmet (worn)
Jewellery
 d - a ring of protection from cold (left hand)
 i - the ring of Larruing (right hand) {*Tele rElec Stlth+}
   (You took it off a crimson imp on level 6 of the Dungeon)

   [ring of teleportation]

   It may teleport you next to monsters.
   It insulates you from electricity.
   It makes you more stealthy.
 G - the amulet "Ryaf" (around neck) {Faith Int+2 Dex+3}
   (You found it on level 7 of the Dungeon)

   [amulet of faith]

   It allows you to gain divine favour quickly.
   It affects your intelligence (+2).
   It affects your dexterity (+3).
Wands
 t - a wand of random effects (31)
Scrolls
 b - 2 scrolls of identify
 g - 2 scrolls of enchant weapon {unknown}
 h - 4 scrolls of teleportation
 m - 2 scrolls of amnesia {unknown}
 n - 2 scrolls of enchant armour {unknown}
 o - 4 scrolls of noise {unknown}
 r - a scroll of blinking {unknown}
 s - 2 scrolls of remove curse {unknown}
 u - 2 scrolls of fog {unknown}
 w - a scroll of fear {unknown}
 y - 2 scrolls of random uselessness {unknown}
 C - a scroll of vulnerability {unknown}
 E - a scroll of brand weapon {unknown}
Potions
 e - 6 potions of curing
 z - a potion of mutation
Miscellaneous
 D - a phantom mirror
Comestibles
 f - 16 rations


   Skills:
 * Level 6.7 Fighting
 + Level 9.5 Axes
 + Level 0.6 Throwing
 * Level 6.8 Armour
 + Level 1.4 Dodging
 + Level 0.1 Stealth
 * Level 7.3 Shields
 * Level 1.9 Spellcasting
 * Level 2.7 Hexes
 * Level 2.7 Evocations


You had 10 spell levels left.
You knew the following spells:

 Your Spells              Type           Power        Failure   Level  Hunger
a - Corona                Hex            #......      100%        1    ##.....

Your spell library contained the following spells:

 Spells                   Type           Power        Failure   Level  Hunger
 Ensorcelled Hibernation  Hex/Ice        #.....       100%        2    ###....
 Confusing Touch          Hex            #.......     100%        3    ####...
 Dazzling Flash           Conj/Hex       #.....       100%        3    ####...
 Tukima's Dance           Hex            #.......     100%        3    ####...


Dungeon Overview and Level Annotations

Branches:
Dungeon (8/15)             Temple (1/1) D:6
   Lair: D:8-11

Altars:
Ashenzari
Cheibriados
Elyvilon
Fedhas
Gozag
Hepliaklqana
Kikubaaqudgha
Makhleb
Nemelex Xobeh
Okawaru
Qazlal
Ru
Sif Muna
Trog
Uskayaw
Vehumet
Wu Jian
Xom
Yredelemnul
Zin
The Shining One

Shops:
D:4 *   D:6 *   D:7 ?


Innate Abilities, Weirdness & Mutations

You are frail. (-10% HP)
Your magical capacity is low. (-10% MP)
You are somewhat resistant to further mutation.


Message History

You block the boomerang.
The weapon returns to the orc warrior!
The orc hits you but does no damage.
The orc warrior hits you but does no damage.
The orc priest calls upon Beogh to heal the orc warrior.
The orc warrior is healed somewhat.
The orc warrior barely misses you.
Okay, then.
Unknown command.
The orc warrior hits you but does no damage.
The orc priest barely misses you.
The orc warrior hits you with a +0 flail!
* * * LOW HITPOINT WARNING * * *
The orc priest hits you but does no damage.
You block the orc warrior's attack.
An orc comes into view. It is wielding a +0 club.
The orc shouts!
The orc warrior throws a boomerang.
You block the boomerang.
The weapon returns to the orc warrior!
The orc warrior hits you with a +0 flail!
You die...

#......).)###..$.
#......))[.......
#.........).o.... #.#
#..........##.### #.#
# #.o........# ..
#.#.# #..........# ..
#.#.# #.......(..#
.... #..........# ..#
#.....@....# ..#
######.....oo.#######
..#
#...................#
#.#
#........##.o.......#
#.#
#........##o...o....#
#.#
#.......$##...ooo...#
#.#
#........##...o.....#
#.#
#!.......##.........#
#.#
###########.........#


You could see 4 orc warriors, an orc priest and 5 orcs.

Vanquished Creatures
  A spriggan (D:7)
  A hungry ghost (D:8)
  An orc warrior (D:6)
  3 phantoms
  2 ogres (D:7)
  4 centaurs
  Blork the orc (D:4)
  2 bullfrogs
  2 scorpions (D:5)
  A wight (D:5)
  A howler monkey (D:4)
  5 crimson imps
  2 bullfrog zombies (D:5)
  2 jellies
  A gnoll shaman (D:4)
  4 orc priests (D:6)
  5 hounds
  9 orc wizards
  3 worker ants
  3 howler monkey zombies (D:5)
  Robin (D:4)
  7 gnolls
  11 adders
  A shadow imp (D:8)
  An adder skeleton (D:4)
  2 dart slugs
  41 orcs
  6 giant cockroaches
  15 goblins
  18 hobgoblins
  15 jackals
  4 quokkas
  A ball python (D:2)
  8 bats
  6 frilled lizards
  8 kobolds
  A quokka skeleton (D:4)
  A quokka zombie (D:5)
  4 rats
204 creatures vanquished.

Notes
Turn   | Place    | Note
-------+----------+-------------------------------------------
     0 | D:1      | Error4North the Hill Orc Fighter began the quest for the
                  | Orb.
     0 | D:1      | Reached XP level 1. HP: 19/19 MP: 1/1
    50 | D:1      | Reached XP level 2. HP: 12/27 MP: 2/2
    55 | D:1      | Reached skill level 3 in Axes
   364 | D:1      | Reached XP level 3. HP: 31/33 MP: 3/3
  1349 | D:2      | Reached XP level 4. HP: 20/41 MP: 4/4
  2063 | D:2      | Identified a +1 pair of boots of running (You found it on
                  | level 2 of the Dungeon)
  2335 | D:3      | Reached XP level 5. HP: 39/47 MP: 5/5
  2369 | D:3      | Reached skill level 4 in Axes
  3121 | D:4      | Noticed Blork the orc
  3129 | D:4      | Killed Blork the orc
  3129 | D:4      | Reached XP level 6. HP: 45/55 MP: 6/6
  3264 | D:4      | Reached skill level 5 in Fighting
  3322 | D:4      | Reached skill level 5 in Axes
  3476 | D:4      | Found Zin's Purification Station.
  3480 | D:4      | Found a glowing silver altar of Zin.
  3492 | D:4      | Reached skill level 5 in Shields
  3544 | D:4      | Reached skill level 5 in Armour
  3573 | D:4      | Reached XP level 7. HP: 41/61 MP: 7/7
  3758 | D:4      | Noticed Robin
  3772 | D:4      | Killed Robin
  4113 | D:4      | Found a shimmering blue altar of Sif Muna.
  4307 | D:5      | Entered Level 5 of the Dungeon
  4311 | D:5      | Reached skill level 6 in Axes
  4392 | D:5      | Got a fine whip
  4604 | D:5      | Reached skill level 1 in Dodging
  4604 | D:5      | Reached XP level 8. HP: 30/69 MP: 8/8
  4618 | D:5      | Learned a level 1 spell: Corona
  5085 | D:5      | Reached skill level 7 in Axes
  5102 | D:5      | Found a hide-covered altar of Uskayaw.
  5251 | D:5      | Reached skill level 1 in Evocations
  5419 | D:5      | You fall into a shaft and drop 1 floor!
  5717 | D:5      | Reached skill level 1 in Hexes
  5817 | D:5      | Reached skill level 8 in Axes
  5817 | D:5      | Reached skill level 1 in Spellcasting
  5835 | D:5      | Identified the cursed +0 whip of the Tired Songs {flame,
                  | +Rage rElec rF- MR+++} (You found it on level 5 of the
                  | Dungeon)
  6027 | D:6      | Reached XP level 9. HP: 42/75 MP: 10/10
  6430 | D:6      | Found Kemueg Wanou's General Store.
  6466 | D:6      | Identified the ring of Larruing {*Tele rElec Stlth+}
  6488 | D:6      | Found a staircase to the Ecumenical Temple.
  6498 | Temple   | Entered the Ecumenical Temple
  6562 | Temple   | Became a worshipper of Warmaster Okawaru
  7096 | D:6      | Found a glowing golden altar of the Shining One.
  7387 | D:7      | Got a crude iron amulet
  7397 | D:7      | Reached skill level 9 in Axes
  7429 | D:7      | Found Byigaeba's Magic Scroll Shop.
  7552 | D:7      | Bought a scroll of identify for 32 gold pieces
  7552 | D:7      | Bought a scroll of identify for 32 gold pieces
  7552 | D:7      | Bought a scroll of identify for 32 gold pieces
  7554 | D:7      | Identified the amulet "Ryaf" {Faith Int+2 Dex+3} (You found
                  | it on level 7 of the Dungeon)
  7698 | D:7      | Found an opulent altar of Gozag.
  8180 | D:8      | Reached * piety under Okawaru
  8224 | D:8      | Gained mutation: Your magical capacity is low. (-10% MP)
                  | [potion of mutation]
  8224 | D:8      | Gained mutation: You are frail. (-10% HP) [potion of
                  | mutation]
  8224 | D:8      | Gained mutation: You are somewhat resistant to further
                  | mutation. [potion of mutation]
  8233 | D:8      | HP: 3/70 [orc warrior/+0 flail (10)]
  8239 | D:8      | Mangled by an orc warrior

Levels and vault maps discovered:
D:1:      minmay_arrival_jagged, layout_basic, chequers_big_river
D:2:      layout_loops_corners, first_ration, kennysheep_crisscross,
          serial_bayou_pond_e
D:3:      layout_basic, fountainhead
D:4:      layout_loops_corners, zin_purify, tgw_sif, uniq_blork_the_orc,
          uniq_robin
D:5:      kennysheep_windowed_halls, layout_cave_pods,
          eat_drink_and_be_merry_uskayaw
D:6:      layout_loops_corners, nicolae_tso_swordbearing_angel,
          minmay_temple_entry_trees, serial_shops, nicolae_shop_trees
D:7:      layout_cave_pools, serial_shops, shop, the_bakery,
          nicolae_gozag_cash_rules_everything_around_me
D:8:      layout_basic, kennysheep_little_box, special_room [special_room_orc],
          serial_shops, nicolae_shop_window_shopping, uniq_maggie
Temple:   regret_index_temple_mists

Skill      XL: |  1  2  3  4  5  6  7  8  9 |
---------------+----------------------------+-----
Fighting       | 4 5 6 |  6.7
Axes           | 3 4 5 6 8 9 |  9.5
Armour         | 4 5 6 |  6.8
Shields        | 4 5 6 7 |  7.3
Dodging        | 1 |  1.4
Evocations     | 2 |  2.7
Hexes          | 1 2 |  2.7
Spellcasting   | 1 |  1.9
Throwing       | |  0.6
Stealth        | |  0.1

Action                   |  1- 3 |  4- 6 |  7- 9 || total
-------------------------+-------+-------+-------++-------
Melee: War axe           |    69 |   180 |   516 ||   765
Throw: Javelin           |       |       |     6 ||     6
       Boomerang         |       |       |    12 ||    12
Evoke: Wand              |       |       |     2 ||     2
       Phantom mirror    |       |       |     1 ||     1
  Use: Potion            |     1 |       |    10 ||    11
       Scroll            |       |       |     6 ||     6
 Stab: Distracted        |       |       |     1 ||     1
  Eat: Chunk             |     1 |     4 |    10 ||    15
       Ration            |       |     1 |     2 ||     3
Armor: Scale mail        |    36 |    67 |    43 ||   146
       Chain mail        |       |       |   111 ||   111
       Plate armour      |       |       |   105 ||   105
       Skin              |       |       |     5 ||     5
Dodge: Dodged            |    29 |    58 |   122 ||   209
Block: Kite shield       |    42 |    84 |   277 ||   403

Table legend:
 A = Non-vault XP
 B = Vault XP
 C = Vault XP percentage of total XP
 D = Non-vault monster count
 E = Vault monster count
 F = Vault count percentage of total count
                 A         B        C        D         E       F
            +---------+---------+-------+---------+---------+-------
      Total |    3114 |     929 |  23.0 |     166 |      38 |  18.6
            +---------+---------+-------+---------+---------+-------
        D:1 |      54 |       0 |   0.0 |      30 |       0 |   0.0
        D:2 |      81 |       0 |   0.0 |      18 |       0 |   0.0
        D:3 |     144 |       0 |   0.0 |      26 |       0 |   0.0
        D:4 |     432 |     133 |  23.5 |      24 |      12 |  33.3
        D:5 |     732 |     549 |  42.9 |      24 |      13 |  35.1
        D:6 |     914 |       0 |   0.0 |      34 |       0 |   0.0
        D:7 |     546 |     211 |  27.9 |       7 |       1 |  12.5
        D:8 |     211 |      36 |  14.6 |       3 |      12 |  80.0
            +---------+---------+-------+---------+---------+-------
